 Dungeon Crawl Stone Soup version 0.18-a0-1390-gc02854d (webtiles) character file.

359 dvd the Poker (level 6, 0/47 HPs)
             Began as a Merfolk Gladiator on Feb 22, 2016.
             Was a Believer of Makhleb.
             Killed from afar by Blork the orc (5 damage)
             ... with a magic dart
             ... on level 4 of the Dungeon.
             The game lasted 00:16:26 (3725 turns).

dvd the Poker (Merfolk Gladiator)                   Turns: 3725, Time: 00:16:26

Health: 0/47       AC:  3    Str: 16    XL:     6   Next: 65%
Magic:  6/6        EV: 15    Int:  8    God:    Makhleb [**....]
Gold:   173        SH:  0    Dex: 15    Spells: 0 memorised, 5 levels left

rFire  + . .     SeeInvis +     a - +1 trident
rCold  + + .     Gourm    .     m - +0 robe {rC+}
rNeg   . . .     Faith    .     (no shield)
rPois  +         Spirit   .     h - +1 hat
rElec  +         Dismiss  .     (no cloak)
rCorr  +         Reflect  .     (no gloves)
SustAt .         Harm     .     (no boots)
MR     .....     Clarity  +     (no amulet)
Stlth  ++........               (no ring)
                                g - ring of see invisible

@: resistant, not resistant to hostile enchantments, unstealthy
A: change form in water, swift swim, antennae 2, clarity
a: Minor Destruction, Renounce Religion


You were on level 4 of the Dungeon.
You worshipped Makhleb.
Makhleb was pleased with you.
You were not hungry.

You visited 1 branch of the dungeon, and saw 4 of its levels.

You collected 173 gold pieces.

Inventory:

Hand Weapons
 a - a +1 trident (weapon)
Missiles
 d - 3 throwing nets (quivered)
Armour
 b - a +0 leather armour
 h - a +1 hat (worn)
 m - a +0 robe of cold resistance (worn)
Jewellery
 g - a ring of see invisible (left hand)
Wands
 r - a wand of digging (9/24)
Scrolls
 e - a scroll of amnesia {unknown}
 i - a scroll of recharging {unknown}
 j - a scroll of blinking {unknown}
 k - 3 scrolls of identify {unknown}
 l - a scroll of enchant weapon
 s - a scroll of remove curse {unknown}
 u - a scroll of immolation {unknown}
 v - a scroll of noise {unknown}
Potions
 c - a potion of agility {unknown}
 q - a potion of degeneration {unknown}
 w - a potion of might {unknown}
Comestibles
 f - 2 bread rations
 o - 2 beef jerkies
 t - 5 fruits


   Skills:
 + Level 3.5 Fighting
 + Level 6.5 Polearms
 + Level 2.0 Throwing
 + Level 1.2 Armour
 + Level 6.2 Dodging
 + Level 2.0 Stealth
 + Level 1.3 Invocations


You had 5 spell levels left.
You didn't know any spells.

Dungeon Overview and Level Annotations

Branches:
Dungeon (4/15)             Temple (0/1) D:4

Altars:
Makhleb
Pakellas
Vehumet

Annotations:
D:3 Robin
D:4 Blork the orc


Innate Abilities, Weirdness & Mutations

You revert to your normal form in water.
You are very nimble and swift while swimming.
You have a pair of antennae on your head.
You possess an exceptional clarity of mind.


Message History

Blork the orc closely misses you.
Press: ? - help, Shift-Dir - straight line, f/p - Blork the orc
Aim: Blork the orc, wielding a flail and wearing an embroidered robe (heavily wounded, fast)
You fail to use your ability.
Blork the orc points at you and mumbles some strange words.
The puff of flame hits you! You resist.
* * * LOW HITPOINT WARNING * * *
Blork the orc hits you with a flail.
* * * LOW HITPOINT WARNING * * *
Unknown command.
You hit Blork the orc.
Blork the orc is severely wounded.
Blork the orc hits you with a flail.
* * * LOW HITPOINT WARNING * * *
Unknown command.
You hit Blork the orc.
Blork the orc is severely wounded.
Blork the orc points at you and mumbles some strange words.
The magic dart hits you!
You die...

###.....#.......<..#.
#.....############.
#.....# ###. #.....#
#... #.....#
######.## #.....#
#......## ##....#
#......## #..?.#
#......## #@...#
#......#.
.....)o....#
#......#.
..>..⌠.....#
#......#.
.....%.....#
#.......<
#...###....#
#......## #.⌠. ######
#......#. #..
#......#. ##
#......#. #......#.


You could see Blork the orc.

Vanquished Creatures
  The ghost of Vidiiot the Twirler, a weakling MiGl (D:4)
  2 orc priests
  A hound (D:4)
  2 orc wizards (D:4)
  A worker ant (D:4)
  A hound skeleton (D:4)
  An adder (D:2)
  A worm (D:2)
  4 dart slugs
  A giant gecko (D:2)
  17 orcs
  A ball python (D:2)
  12 bats
  5 giant cockroaches
  14 goblins
  7 hobgoblins
  9 jackals
  A quokka (D:2)
  5 giant newts
  5 kobolds
  7 rats
98 creatures vanquished.

Notes
Turn   | Place    | Note
--------------------------------------------------------------
     0 | D:1      | dvd the Merfolk Gladiator began the quest for the Orb.
     0 | D:1      | Reached XP level 1. HP: 16/16 MP: 1/1
    70 | D:1      | Reached XP level 2. HP: 22/22 MP: 2/2
   232 | D:1      | Reached skill level 5 in Polearms
   398 | D:1      | Reached XP level 3. HP: 27/27 MP: 3/3
  1117 | D:2      | Found a burning altar of Makhleb.
  1136 | D:2      | Reached XP level 4. HP: 15/34 MP: 4/4
  1363 | D:2      | Became a worshipper of Makhleb the Destroyer
  1744 | D:2      | Reached skill level 1 in Stealth
  1911 | D:3      | Reached * piety under Makhleb
  1926 | D:3      | Reached skill level 5 in Dodging
  2023 | D:3      | Noticed Robin
  2268 | D:4      | Reached XP level 5. HP: 9/40 MP: 5/5
  2597 | D:3      | Reached skill level 1 in Armour
  2611 | D:4      | Reached ** piety under Makhleb
  2809 | D:4      | Noticed Vidiiot's ghost (weakling MiGl)
  2821 | D:4      | Killed Vidiiot's ghost
  3095 | D:3      | Reached XP level 6. HP: 41/47 MP: 6/6
  3205 | D:3      | Noticed a sky beast
  3339 | D:4      | Gained mutation: You have a pair of small antennae on your head. [potion of mutation]
  3339 | D:4      | Gained mutation: You have a pair of antennae on your head. [potion of mutation]
  3339 | D:4      | Gained mutation: You possess an exceptional clarity of mind. [potion of mutation]
  3414 | D:4      | Found an oddly glowing altar of Pakellas.
  3467 | D:4      | Reached skill level 1 in Invocations
  3667 | D:4      | Found a radiant altar of Vehumet.
  3709 | D:4      | Found a staircase to the Ecumenical Temple.
  3709 | D:4      | Noticed Blork the orc
  3725 | D:4      | Killed from afar by Blork the orc

Vault maps used:
D:1:      nicolae_arrival_memento_mori
D:2:      lemuel_round_altar
D:3:      uniq_grinder, uniq_robin
D:4:      grunt_pakellas_basics, vehumet_altar_wand_db,
          minmay_temple_entry_junction, kb_xom_exploding_sheep, uniq_eustachio,
          uniq_blork_the_orc

Skill      XL: |  1  2  3  4  5  6 |
---------------+-------------------+-----
Polearms       | 5 6 |  6.5
Stealth        | 1 2 |  2.0
Dodging        | 5 6 |  6.2
Fighting       | 3 |  3.5
Armour         | 1 |  1.2
Invocations    | 1 |  1.3
Throwing       | |  2.0

Action                   |  1- 3 |  4- 6 || total
-------------------------+-------+-------++-------
Melee: Trident           |   171 |   225 ||   396
Invok: Minor Destruction |       |    24 ||    24
  Use: Potion            |       |     7 ||     7
       Scroll            |       |     1 ||     1
 Stab: Sleeping          |     2 |     2 ||     4
  Eat: Chunk             |     1 |     8 ||     9
       Pizza             |       |     1 ||     1
